 Dungeon Crawl Stone Soup version 0.20.1-1-g8b1a95d (webtiles) character file.

4293 toffzen the Distorting Minotaur (level 10, -6/85 (86) HPs)
             Began as a Minotaur Abyssal Knight on Dec 19, 2017.
             Was a Believer of Lugonu.
             Mangled by a vampire (8 damage)
             ... on level 8 of the Dungeon.
             The game lasted 00:33:55 (10001 turns).

toffzen the Distorting Minotaur (MiAK)             Turns: 10001, Time: 00:33:56

HP:   -6/85 (86)    AC: 14    Str: 19    XL:     10   Next: 11%
MP:   15/15         EV:  6    Int:  9    God:    Lugonu [**....]
Gold: 476           SH: 15    Dex: 11    Spells: 9/9 levels left

rFire    . . .     SeeInvis .   a - +1 spear
rCold    . . .     Gourm    .   D - +0 shield
rNeg     . . .     Faith    .   B - +0 plate armour
rPois    .         Spirit   .   J - +1 hat
rElec    .         Reflect  +   (no cloak)
rCorr    .         Harm     .   (no gloves)
MR       .....                  (no boots)
Stlth    ..........             p - +5 amulet of reflection
Regen    0.3/turn               (no ring)
MPRegen  0.2/turn               (no ring)

@: no status effects
A: retaliatory headbutt, horns 2
a: Depart the Abyss, Bend Space, Renounce Religion


You were on level 8 of the Dungeon.
You worshipped Lugonu.
Lugonu was pleased with you.
You were not hungry.

You visited 1 branch of the dungeon, and saw 9 of its levels.
You visited the Abyss 1 time.

You collected 476 gold pieces.

Inventory:

Hand Weapons
 a - a +1 spear (weapon)
Missiles
 d - 294 stones (quivered)
 l - 76 sling bullets
 x - 55 poisoned needles
 G - 2 throwing nets
Armour
 b - a +0 leather armour
 j - a +0 chain mail
 w - a +0 large shield
 B - a +0 plate armour (worn)
 D - a +0 shield (worn)
 J - a +1 hat (worn)
Jewellery
 p - a +5 amulet of reflection (around neck)
 I - a +4 ring of slaying {unknown}
Wands
 t - a wand of digging (8/24)
Scrolls
 c - a scroll of noise {unknown}
 g - 2 scrolls of remove curse
 m - 2 scrolls of recharging {unknown}
 n - a scroll of fog {unknown}
 o - a scroll of enchant weapon {unknown}
 q - 4 scrolls of teleportation
 y - 2 scrolls of fear {unknown}
 z - 2 scrolls of magic mapping {unknown}
 F - a scroll of blinking {unknown}
 H - 2 scrolls of enchant armour {unknown}
Potions
 e - a potion of heal wounds {unknown}
 f - 2 potions of mutation
 h - a potion of lignification
 i - 3 potions of degeneration
 k - 2 potions of flight {unknown}
 s - a potion of berserk rage {unknown}
 u - a potion of magic {unknown}
 A - a potion of resistance {unknown}
 E - a potion of brilliance {unknown}
Books
 v - a book of Air

   Spells                             Type                      Level
   a - Shock                          Conjuration/Air              1
   b - Swiftness                      Charms/Air                   2
   c - Static Discharge               Conjuration/Air              3
   d - Airstrike                      Air                          4
   e - Lightning Bolt                 Conjuration/Air              5
Comestibles
 r - 7 royal jellies
 C - 3 fruits


   Skills:
 + Level 7.3 Fighting
 + Level 7.1 Polearms
 + Level 6.9 Armour
 + Level 6.4 Dodging
 + Level 5.8 Shields
 * Level 8.4 Invocations


You had 9 spell levels left.
You didn't know any spells.

Dungeon Overview and Level Annotations

Branches:
Dungeon (9/15)             Temple (0/1) D:4
   Lair: D:8-11         Orc: D:9-12

Altars:
Hepliaklqana
Nemelex Xobeh
Trog
Yredelemnul

Shops:
D:4 =   D:8 [

Annotations:
D:3 Sigmund
D:4 exclusion: upstairs
D:7 Joseph
D:8 Gastronok


Innate Abilities, Weirdness & Mutations

You reflexively headbutt those who attack you in melee.
You have a pair of horns on your head.


Message History

* * * LOW HITPOINT WARNING * * *
Something bites you.
* * * LOW HITPOINT WARNING * * *
You swing at nothing.
You swing at nothing.
Something hits you.
* * * LOW HITPOINT WARNING * * *
Something bites you but does no damage.
You miss something.
You feel less confused. Something hits you but does no damage.
Something bites you!
* * * LOW HITPOINT WARNING * * *
You closely miss something. Something hits you.
* * * LOW HITPOINT WARNING * * *
Something bites you but does no damage.
You hit something but do no damage.
You feel less wooden.
Your +1 hat unmelds from your body.
Your +0 plate armour unmelds from your body.
Something hits you!
You die...

..###.........#############...#
# ).....######### ###.# #
####### #)### # #######.#.. ##
##.........# .# ##.)#####.###
.######## ####[.## #..#
........##########....## ##.##
######.∩.......{@..#### #...
####...<......[########### ###.
.....#########...........## #.
###### ###########..#######
##........ #########


There were no monsters in sight!

Vanquished Creatures
  A queen bee (D:8)
  A slime creature (D:5)
  A hornet (D:7)
  Grinder (D:5)
  Edmund (D:6)
  Duvessa (D:5)
  An orc warrior (D:7)
  An ice beast (D:8)
  2 phantoms
  A necrophage (D:5)
  4 ogres
  4 centaurs
  5 big kobolds
  3 bullfrogs
  Dowan (D:5)
  A wyvern skeleton (D:7)
  2 scorpions
  14 killer bees
  A howler monkey (D:5)
  3 crimson imps
  A bullfrog zombie (D:7)
  A centaur zombie (D:7)
  2 jellies
  A centaur skeleton (D:5)
  3 hounds
  An orc wizard (D:8)
  3 bullfrog skeletons
  5 worker ants
  A hound zombie (D:8)
  A hound skeleton (D:9)
  8 adders
  2 oozes (D:6)
  A worm (D:2)
  An adder skeleton (D:7)
  7 leopard geckos
  7 orcs
  3 giant cockroaches
  7 goblins
  5 hobgoblins
  4 jackals (D:1)
  8 kobolds
  3 quokkas
  7 bats
  6 frilled lizards
  2 leopard gecko skeletons
  A quokka zombie (D:5)
  5 rats
145 creatures vanquished.

Vanquished Creatures (others)
  An orc warrior (D:8)
  2 fungi (D:6)
  7 toadstools (D:6)
10 creatures vanquished.

Grand Total: 155 creatures vanquished

Notes
Turn   | Place    | Note
-------+----------+-------------------------------------------
     0 | Abyss:1  | toffzen the Minotaur Abyssal Knight began the quest for the Orb.
     0 | Abyss:1  | Reached XP level 1. HP: 19/19 MP: 1/1
    34 | Abyss:1  | Noticed a small abomination
    35 | D:1      | Escaped the Abyss
    72 | D:1      | Reached skill level 2 in Invocations
   113 | D:1      | Reached XP level 2. HP: 21/26 MP: 2/2
   144 | D:1      | Reached * piety under Lugonu
   842 | D:2      | Reached XP level 3. HP: 23/33 MP: 4/4
  1221 | D:2      | Found a bloodstained altar of Trog.
  1222 | D:2      | Found a hazy altar of Hepliaklqana.
  1644 | D:2      | Reached skill level 3 in Invocations
  1644 | D:2      | Reached XP level 4. HP: 40/40 MP: 5/5
  1775 | D:2      | Reached ** piety under Lugonu
  2417 | D:3      | Noticed Sigmund
  2458 | D:4      | Found Wettexaupp's Jewellery Shoppe.
  2599 | D:4      | Found a staircase to the Ecumenical Temple.
  2853 | D:4      | Reached XP level 5. HP: 21/46 MP: 6/6
  3567 | D:5      | Entered Level 5 of the Dungeon
  3590 | D:5      | Reached skill level 1 in Shields
  3786 | D:5      | Reached XP level 6. HP: 52/53 MP: 7/7
  3824 | D:5      | Found a basalt altar of Yredelemnul.
  3900 | D:5      | Reached skill level 4 in Invocations
  3980 | D:5      | Noticed Grinder
  3991 | D:5      | Paralysed by Grinder for 5 turns
  3997 | D:5      | Killed Grinder
  3997 | D:5      | Reached skill level 5 in Fighting
  3997 | D:5      | Reached XP level 7. HP: 41/60 MP: 9/9
  4403 | D:5      | Noticed Duvessa
  4403 | D:5      | Noticed Dowan
  4671 | D:5      | Killed Duvessa
  4671 | D:5      | Reached skill level 5 in Invocations
  4673 | D:5      | Killed Dowan
  5058 | D:6      | Noticed Edmund
  5084 | D:6      | Killed Edmund
  5084 | D:6      | Reached XP level 8. HP: 60/68 MP: 9/11
  5255 | D:6      | Reached skill level 5 in Polearms
  5372 | D:6      | Reached skill level 5 in Armour
  5445 | D:6      | Noticed a slime creature
  5445 | D:6      | Noticed a slime creature
  5445 | D:6      | Noticed a slime creature
  5670 | D:5      | Reached skill level 6 in Invocations
  5732 | D:5      | Killed a slime creature
  6352 | D:7      | Found a flagged portal.
  6360 | D:7      | Reached XP level 9. HP: 69/77 MP: 13/13
  6391 | D:7      | Noticed Joseph
  6513 | D:7      | Reached skill level 5 in Dodging
  7193 | D:7      | Reached skill level 7 in Invocations
  7285 | D:7      | Found a sparkling altar of Nemelex Xobeh.
  7386 | D:8      | Noticed Gastronok
  7618 | D:8      | Found Ifaoxiu's Antique Armour Shop.
  7683 | D:8      | Reached *** piety under Lugonu
  7712 | D:8      | Reached skill level 5 in Shields
  8383 | D:8      | Noticed a queen bee
  8398 | D:8      | Killed a queen bee
  8918 | D:8      | Reached skill level 8 in Invocations
  9220 | D:8      | Reached XP level 10. HP: 45/85 MP: 15/15
  9999 | D:8      | HP: 6/127 [something (8)]
 10001 | D:8      | Mangled by a vampire

Skill      XL: |  1  2  3  4  5  6  7  8  9 |
---------------+----------------------------+-----
Invocations    | 2 3 4 5 6 8 |  8.4
Fighting       | 4 5 6 7 |  7.3
Polearms       | 3 4 5 7 |  7.1
Armour         | 3 4 5 6 |  6.9
Dodging        | 2 3 4 6 |  6.4
Shields        | 1 2 3 4 5 |  5.8

Action                   |  1- 3 |  4- 6 |  7- 9 | 10-12 || total
-------------------------+-------+-------+-------+-------++-------
Melee: Spear             |   125 |   144 |   562 |   114 ||   945
       Headbutt          |    10 |    21 |   109 |    13 ||   153
Throw: Stone             |     5 |     8 |     6 |     2 ||    21
Invok: Depart the Abyss  |     1 |       |       |       ||     1
       Banish            |       |       |     1 |     4 ||     5
  Use: Scroll            |     1 |     6 |     2 |       ||     9
       Potion            |       |     2 |     5 |     1 ||     8
  Eat: Chunk             |     2 |     7 |     2 |     1 ||    12
       Royal jelly       |       |     1 |       |       ||     1
       Meat ration       |       |       |     2 |       ||     2
       Bread ration      |       |       |     1 |     1 ||     2
Armor: Leather armour    |    10 |       |       |       ||    10
       Chain mail        |    33 |    29 |    42 |       ||   104
       Skin              |       |     9 |     5 |    45 ||    59
       Plate armour      |       |       |    80 |    22 ||   102
Dodge: Dodged            |    36 |    14 |    55 |     9 ||   114
Block: Other             |     6 |    12 |       |       ||    18
       Reflection        |       |     1 |    11 |     1 ||    13
       Large shield      |       |    33 |   150 |       ||   183
       Shield            |       |       |   207 |    40 ||   247
